 Dungeon Crawl Stone Soup version 0.30-a0-1035-g38d5fb2972 (webtiles) character file.

Game seed: 15937250787617688278

107 cdice the Trooper (level 4, 0/49 HPs)
             Began as an Ogre Reaver on Apr 9, 2023.
             Slain by a gnoll
             ... wielding a +0 spear
              (2 damage)
             ... on level 3 of the Dungeon.
             The game lasted 00:03:40 (2351 turns).

cdice the Trooper (Ogre Reaver)                     Turns: 2351, Time: 00:03:41

Health: 0/49       AC: 12    Str: 17    XL:     4   Next: 86%
Magic:  8/8        EV: 24    Int: 13    God:
Gold:   139        SH:  0    Dex: 11    Spells: 7/8 levels left

rFire   + . .      SeeInvis +    a - melded +0 falchion
rCold   + . .      Faith    .    (shield currently unavailable)
rNeg    + + +      Spirit   .    b - melded +0 robe
rPois   +          Reflect  .    (helmet currently unavailable)
rElec   +          Rampage  .    (cloak currently unavailable)
rCorr   +                        (gloves unavailable)
Will    .....                    (boots unavailable)
Stlth   +                        (no amulet)
HPRegen 0.28/turn                d - +5 ring of evasion
MPRegen 0.11/turn                e - +4 ring of slaying

@: lethally poisoned (0 -> -5), fungus-form, resistant, weakened, attractive,
invisible
A: melee confuse, terrified, no casting, tiny, unfitting armour, (tough skin 1),
(iridescent scales 1), see invisible, agile 1
a: no special abilities


You were on level 3 of the Dungeon.
You were a sentient fungus.
You visited 1 branch of the dungeon, and saw 3 of its levels.

You collected 139 gold pieces.

Inventory:

Hand Weapons
 a - a +0 falchion (melded)
Armour
 b - a +0 robe (melded)
Jewellery
 d - a +5 ring of evasion (left hypha)
 e - a +4 ring of slaying (right hypha)
 o - a +6 ring of dexterity
 p - an amulet of the acrobat
Scrolls
 c - 2 scrolls of identify {unknown}
 f - a scroll of teleportation {unknown}
 h - a scroll of fog {unknown}
 m - a scroll of immolation {unknown}
 n - a scroll of magic mapping {unknown}
 r - a scroll of vulnerability {unknown}
Potions
 g - 2 potions of lignification
 l - a potion of heal wounds {unknown}
 q - a potion of brilliance {unknown}


   Skills:
 * Level 4.4 Fighting
 - Level 2.6 Long Blades
 + Level 3.0 Dodging
 + Level 0.4 Stealth
 + Level 2.7 Spellcasting
 + Level 3.1 Conjurations


You had 7 spell levels left.
You knew the following spells:

 Your Spells              Type           Power      Damage    Failure   Level
a - Kiss of Death         Conj/Necr      20%        2d7       12%         1

Your spell library contained the following spells:

 Spells                   Type           Power      Damage    Failure   Level
 Momentum Strike          Conj/Tloc      10%        3d8       19%         2
 Hailstorm                Conj/Ice       5%         3d4       36%         3
 Ozocubu's Armour         Ice            1%         N/A       56%         3
 Ozocubu's Refrigeration  Ice            0%         4d7       100%        7


Dungeon Overview and Level Annotations

Branches:
Dungeon (3/15)

Altars:
Cheibriados
Fedhas
Xom

Shops:
D:1 !

Annotations:
D:3 1 transporter, cdice's ghost, amateur OgRe


Innate Abilities, Weirdness & Mutations

You are a sentient fungus.
You are tiny and evasive.
Your melee attack releases spores that confuse breathing creatures.
You become terrified and freeze when enemies are visible.
Your armour is entirely melded.
You are incapable of wielding weapons or throwing items.
You cannot cast spells.
You are too large for most types of armour.
((You have tough skin. (AC +1)))
((You are partially covered in iridescent scales. (AC +2)))
You have supernaturally acute eyesight. (SInv)
You are agile. (Dex +4, Str/Int -1)


Message History

You release spores at the gnoll bouda but do no damage.
The gnoll bouda is severely wounded.
The gnoll sergeant hits you from afar with a +2 trident of chaos.
The gnoll completely misses you.
The gnoll bouda gazes fiercely through you!
You feel your attacks grow feeble. The gnoll bouda misses you.
The gnoll hits you but does no damage. Cdice's ghost barely misses you.
You release spores at the gnoll bouda.
The gnoll bouda appears confused.
The gnoll bouda is almost dead.
The gnoll sergeant hits you from afar with a +2 trident of chaos!
* * * LOW HITPOINT WARNING * * *
You feel protected. The gnoll completely misses you. The gnoll misses you.
Cdice's ghost hits you but does no damage.
It was a potion of invisibility.
You fade into invisibility!
The gnoll completely misses you.
The gnoll sergeant hits you from afar with a +2 trident of chaos.
* * * LOW HITPOINT WARNING * * *
You are lethally poisoned!
The gnoll misses you. The gnoll bouda misses you. The gnoll barely misses you.
Cdice's ghost completely misses you.
It was a potion of mutation.
You feel extremely strange.
Your vision sharpens.
Iridescent scales grow over part of your body.
You feel agile.
* * * LOW HITPOINT WARNING * * *
You feel very sick. The gnoll completely misses you.
The gnoll sergeant completely misses you.
The gnoll completely misses you.
The gnoll zaps a wand.
The puff of flame hits you but does no damage.
You resist. Cdice's ghost closely misses you.
It was a potion of attraction.
You feel attractive to monsters.
* * * LOW HITPOINT WARNING * * *
You feel sick.
The gnoll hits you from afar with a +0 spear.
You die...

#..≈≈#8.###.###.8#≈≈..#
#..≈≈#...........#≈≈..#####
#..≈≈###.##'##.###≈≈.......
#..≈≈..#.#...#.#..≈≈..#####
#..≈≈.##. ⌠.⌠#.##.≈≈..#
#..≈≈.#g. ...#..#.≈≈..#
#..≈≈.##.##g##.##.≈≈..#
#..≈≈..#g#gg.#.#......#
#..~~.©#.Wfg.'.#©.....#####
#..≈≈..#.#8⌠8#.#......##...
#..≈≈.##.#####.##.≈≈.<##.##
#..≈≈.#W. #g.#.≈≈.......
#..≈≈.##. #.##[≈≈..##.#.
#..≈≈..#. $#.#..≈≈.###...
#..≈≈###. '##.###≈≈.# ###.
#..≈≈#... .g.....#≈≈.# #.
#.)≈≈#8.###g###.8#≈≈.## #(


You could see a gnoll sergeant (swift, unable to see you), a gnoll bouda
(confused, unable to see you), cdice's ghost (unable to see you) and 3 gnolls.

Vanquished Creatures
  Jessica (D:3)
  2 adders (D:2)
  A worm (D:3)
  A dart slug (D:3)
  8 bats
  5 endoplasms
  2 giant cockroaches
  A goblin (D:3)
  10 hobgoblins
  6 quokkas
  5 ball pythons
  3 frilled lizards
  5 kobolds
  3 rats
53 creatures vanquished.

Vanquished Creatures (others)
  6 plants (D:3)
6 creatures vanquished.

Grand Total: 59 creatures vanquished

Notes
Turn   | Place    | Note
-------+----------+-------------------------------------------
     0 | D:1      | cdice the Ogre Reaver began the quest for the Orb.
     0 | D:1      | Reached XP level 1. HP: 22/22 MP: 3/3
   187 | D:1      | Reached XP level 2. HP: 9/29 MP: 5/5
   460 | D:1      | Found Nutijoma's Distillery.
   464 | D:1      | Reached skill level 3 in Fighting
   575 | D:1      | Reached XP level 3. HP: 37/37 MP: 6/6
  1290 | D:2      | Reached XP level 4. HP: 44/48 MP: 8/8
  1552 | D:3      | Reached skill level 4 in Fighting
  1624 | D:3      | Noticed Jessica
  1637 | D:3      | Killed Jessica
  1673 | D:3      | Found a snail-covered altar of Cheibriados.
  1790 | D:3      | Found a transporter.
  1801 | D:3      | Noticed cdice's ghost (amateur OgRe)
  1955 | D:3      | Found a shimmering altar of Xom.
  2073 | D:3      | Found a blossoming altar of Fedhas.
  2278 | D:3      | Found a transporter.
  2282 | D:3      | Noticed a gnoll sergeant
  2350 | D:3      | Gained mutation: You have supernaturally acute eyesight.
                  | (SInv) [potion of mutation]
  2350 | D:3      | Gained mutation: You are partially covered in iridescent
                  | scales. (AC +2) [potion of mutation]
  2350 | D:3      | Gained mutation: You are agile. (Dex +4, Str/Int -1)
                  | [potion of mutation]
  2351 | D:3      | HP: 2/49 [poisoned by a gnoll sergeant]
  2351 | D:3      | Slain by a gnoll

Illustrated notes

Levels and vault maps discovered:
D:1:      nzn_arrival_settlement, layout_basic, serial_shops,
          nicolae_shop_statue_plus
D:2:      layout_rooms
D:3:      layout_loops_ring, lemuel_round_altar, tgw_xom,
          fedhas_altar_fruit_tree, gammafunk_ghost_gnarly_gnolls, uniq_jessica

Skill      XL: |  1  2  3  4 |
---------------+-------------+-----
Dodging        | 2 3 |  3.0
Conjurations   | 3 |  3.1
Fighting       | 3 4 |  4.4
Long Blades    | |  2.6
Stealth        | |  0.4
Spellcasting   | |  2.7

Action                     |  1- 3 |  4- 6 || total
---------------------------+-------+-------++-------
  Melee: Falchion          |   102 |    60 ||   162
         Punch             |     1 |       ||     1
         Unarmed           |       |     3 ||     3
    Use: Potion            |       |     4 ||     4
 Armour: Robe              |    39 |     9 ||    48
         Skin              |       |     3 ||     3
  Dodge: Dodged            |    77 |    82 ||   159

Table legend: (Time is in decaauts)
 A = Elapsed time spent in this place.
 B = Non-inter-level travel time spent in this place.
 C = Inter-level travel time spent in this place.
 D = Time resting spent in this place.
 E = Time spent auto-exploring this place.
 F = Levels seen in this place.
 G = Mean time per level.
                   A        B        C        D        E       F      G
               +--------+--------+--------+--------+--------+-----+--------+
         Total |   2383 |   2370 |     13 |    242 |   1678 |   3 |  794.3 |
       Dungeon |   2383 |   2370 |     13 |    242 |   1678 |   3 |  794.3 |
               +--------+--------+--------+--------+--------+-----+--------+

Top non-repeatable levels by time:
     D:1: 944 daAuts
     D:3: 864 daAuts
     D:2: 574 daAuts
